 Dungeon Crawl Stone Soup version 0.26.0-10-g1f06aea511 (webtiles) character file.

Game seed: 13953148474269176260

517515 night the Executioner (level 24, -4/209 HPs)
             Began as a Minotaur Berserker on Jan 18, 2021.
             Was the Champion of Trog.
             Slain by a juggernaut (57 damage)
             ... on level 4 of the Depths.
             The game lasted 02:07:38 (50065 turns).

night the Executioner (Minotaur Berserker)         Turns: 50065, Time: 02:07:39

Health: -4/209     AC: 30    Str: 33    XL:     24   Next: 53%
Magic:  22/22      EV: 21    Int:  8    God:    Trog [******]
Gold:   3748       SH:  0    Dex: 13    Spells: 23/23 levels left

rFire    + . .     SeeInvis .   b - +9 battleaxe (vamp)
rCold    . . .     Faith    .   (shield currently unavailable)
rNeg     . . .     Spirit   .   I - +2 plate armour {rF+}
rPois    .         Reflect  .   L - +2 hat {Int+3}
rElec    .         Harm     .   p - +0 cloak
rCorr    +         Rampage  .   Z - +2 pair of gloves {Str+3}
Will     +....                  N - +2 pair of boots {run}
Stlth    ..........             J - amulet of regeneration
HPRegen  0.84/turn              j - ring of resist corrosion
MPRegen  0.18/turn              U - +4 ring of evasion

@: lethally poisoned (-4 -> -14), flayed, berserk cooldown, slowed, very slow
A: retaliatory headbutt, horns 2, frail 1
}: 2/15 runes: serpentine, barnacled
a: Renounce Religion, Berserk, Trog's Hand, Brothers in Arms


You were on level 4 of the Depths.
You worshipped Trog.
Trog was exalted by your worship.
You visited 8 branches of the dungeon, and saw 40 of its levels.
You visited the Abyss 2 times.
You also visited: Bailey, Gauntlet, Ice Cave and Volcano.

You collected 5646 gold pieces.
You spent 1898 gold pieces at shops.

Inventory:

Hand Weapons
 a - the +10 battleaxe "Daecefea" {vorpal, SInv}
   (Trog gifted it to you on level 15 of the Dungeon)

   It inflicts extra damage upon your enemies.
   It lets you see invisible.
 b - a +9 vampiric battleaxe (weapon)
 q - a +5 battleaxe of holy wrath
 A - a +2 longbow of flaming
 F - a +0 executioner's axe of flaming
 X - a +2 antimagic executioner's axe
Missiles
 h - 1861 arrows
Armour
 p - a +0 cloak (worn)
 I - a +2 plate armour of fire resistance (worn)
 L - a +2 hat of intelligence (worn)
 N - a +2 pair of boots of running (worn)
 Z - a +2 pair of gloves of strength (worn)
Jewellery
 d - the ring of Fiamp {Fire rPois Str+3 Int-4}
   (You found it on level 12 of the Dungeon)

   [ring of fire]

   It enhances your fire magic.
   It affects your strength (+3).
   It affects your intelligence (-4).
   It protects you from fire.
   It makes you vulnerable to cold.
   It protects you from poison.
 j - a ring of resist corrosion (left hand)
 o - an uncursed amulet of guardian spirit
 u - a +4 ring of protection
 J - an amulet of regeneration (around neck)
 K - an uncursed ring of poison resistance
 M - an uncursed ring of protection from cold
 R - a +4 ring of slaying
 U - a +4 ring of evasion (right hand)
Wands
 i - a wand of acid (33)
 r - a wand of iceblast (26)
 w - a wand of digging (12)
 E - a wand of disintegration (32)
 H - a wand of paralysis (34)
 Q - a wand of enslavement (39)
 W - a wand of flame (6)
Scrolls
 g - 4 scrolls of blinking
 l - 23 scrolls of remove curse
 n - a scroll of fear
 t - 2 scrolls of holy word
 y - 19 scrolls of teleportation
 z - 6 scrolls of magic mapping
 C - 4 scrolls of fog
 P - 12 scrolls of identify
 T - 3 scrolls of summoning
Potions
 c - 6 potions of flight
 e - 7 potions of attraction
 f - 3 potions of haste
 k - 2 potions of cancellation
 m - 10 potions of heal wounds
 s - 4 potions of might
 v - 8 potions of lignification
 x - 13 potions of curing
 B - 8 potions of ambrosia
 D - 5 potions of resistance
Miscellaneous
 G - a phantom mirror
 O - a phial of floods
 S - a box of beasts
 V - a condenser vane (inert)
 Y - a lightning rod (4/4)


   Skills:
 + Level 22.3 Fighting
 - Level 26.0 Axes
 - Level 20.0 Bows
 + Level 16.9 Armour
 + Level 15.6 Dodging
 + Level 13.5 Evocations


You had 23 spell levels left.
You didn't know any spells.
Your spell library contained the following spells:

 Spells                   Type           Power        Failure   Level
 Apportation              Tloc           0%           88%         1
 Corona                   Hex            0%           88%         1
 Magic Dart               Conj           0%           88%         1
 Blink                    Tloc           N/A          95%         2
 Call Imp                 Summ           0%           95%         2
 Corpse Rot               Necr/Air       N/A          95%         2
 Slow                     Hex            0%           95%         2
 Confusing Touch          Hex            0%           99%         3
 Conjure Flame            Conj/Fire      0%           99%         3
 Gell's Gravitas          Tloc           0%           99%         3
 Inner Flame              Hex/Fire       0%           99%         3
 Mephitic Cloud           Conj/Pois/Air  0%           99%         3
 Portal Projectile        Hex/Tloc       0%           99%         3
 Stone Arrow              Conj/Erth      0%           99%         3
 Cause Fear               Hex            0%           100%        4
 Ice Form                 Ice/Tmut       0%           100%        4
 Leda's Liquefaction      Hex/Erth       0%           100%        4
 Petrify                  Tmut/Erth      0%           100%        4
 Bolt of Magma            Conj/Fire/Erth 0%           100%        5
 Metabolic Englaciation   Hex/Ice        0%           100%        5
 Silence                  Hex/Air        0%           100%        5
 Summon Forest            Summ/Tloc      0%           100%        5
 Yara's Violent Unravell  Hex/Tmut       0%           100%        5
 Eringya's Noxious Bog    Tmut/Pois      0%           100%        6
 Freezing Cloud           Conj/Ice/Air   0%           100%        6
 Hydra Form               Tmut           0%           100%        6
 Ozocubu's Refrigeration  Ice            0%           100%        6
 Simulacrum               Ice/Necr       0%           100%        6
 Summon Hydra             Summ           0%           100%        7
 Discord                  Hex            0%           100%        8


Dungeon Overview and Level Annotations

Branches:
Dungeon (15/15)            Temple (1/1) D:7            Lair (6/6) D:10
 Shoals (4/4) Lair:2        Snake (4/4) Lair:4        Slime (0/5) Lair:6
    Orc (2/2) D:11            Elf (0/3) Orc:2        Vaults (4/5) D:13
  Crypt (0/3) Vaults:3     Depths (4/5) D:15         Bailey (visited)
  IceCv (visited)         Volcano (visited)         Gauntlet (visited)

Altars:
Ashenzari
Cheibriados
Dithmenos
Elyvilon
Fedhas
Kikubaaqudgha
Makhleb
Nemelex Xobeh
Okawaru
Qazlal
Ru
Uskayaw
Zin
The Shining One
Beogh
Jiyva

Shops:
D:14 [}:}=   Orc:2 (((=   Shoals:2 =   Shoals:3 *(   Shoals:4 :   Snake:3 [
Vaults:2 (   Vaults:3 *   Depths:3 =   Depths:4 !

Portals:
Hell: Depths:1 Depths:2 Depths:3 Depths:4
Abyss: Depths:1 Depths:2 Depths:4
Pandemonium: Depths:1 Depths:3
Ziggurat: Depths:4


Innate Abilities, Weirdness & Mutations

You reflexively headbutt those who attack you in melee.
You have a pair of horns on your head.
You are frail. (-10% HP)


Message History

You kill the deep elf annihilator!
The deep elf annihilator's corpse shimmers and vanishes!
The spriggan air mage is engulfed in freezing vapours.
Evoke which item? (* to show all) (? for menu, Esc to quit)
Aiming: Corrosive Bolt
Press: ? - help, Shift-Dir - straight line, f - deep elf annihilator
Aim: a deep elf annihilator, wielding a +0 dagger (33% to evade)
The bolt of acid hits the juggernaut but does no damage.
The juggernaut is severely wounded.
The bolt of acid hits the juggernaut!!
The juggernaut is splashed with acid.
The acid corrodes the juggernaut!
The juggernaut is moderately wounded.
The bolt of acid misses the flayed ghost.
The bolt of acid hits the deep elf annihilator!!
The deep elf annihilator is splashed with acid.
The acid corrodes the deep elf annihilator!
The deep elf annihilator is heavily wounded.
You feel very sick. The juggernaut hits you!!!
You die...

##### #§.):##
§§.[..# §§§§$.#
eCC§§)# ##iQWe§.#
#####CCCR§# ###
##..)@## ##.#
#...).## ##..##
#)....# #....#
##[)...# ###?.#
###.)†..##
.##..####([.(####
.......#....##
.....#.#....#
#......#)(.##


You could see 2 juggernauts, a titan, a tengu reaver, 2 deep elf annihilators, 2
ettins, a rakshasa, a flayed ghost and a spriggan air mage (repels missiles).

Vanquished Creatures
  Mennas (Vaults:2)
  Mara (Vaults:4)
  A juggernaut (Depths:4)
  Frederick (Vaults:4)
  2 caustic shrikes (Depths:4)
  Xtahua (Vaults:4)
  2 liches
  A tentacled monstrosity (Depths:4)
  Jorgrun (D:15)
  A hellephant (Depths:3)
  Frances (D:13)
  An Executioner (Abyss:2)
  Kirke (D:14)
  Donald (Snake:3)
  A kraken (Shoals:4)
  2 tengu reavers
  Ilsuiw (Shoals:3)
  7 nagarajas
  3 fire giants
  6 vault wardens
  3 deep elf sorcerers
  An orc warlord (Bailey)
  A juggernaut zombie (D:15)
  Louise (Depths:2)
  A balrug (Depths:1)
  8 frost giants
  6 spriggan defenders
  11 stone giants
  35 very ugly things
  15 ironheart preservers
  Nessos (Orc:2)
  A war gargoyle (Vaults:4)
  A vampire knight (Depths:4)
  A minotaur (Gauntlet)
  4 spark wasps (Depths:2)
  14 dire elephants (Depths:3)
  2 entropy weavers
  Azrael (Orc:2)
  2 deep elf annihilators
  An eidolon (Abyss:2)
  7 merfolk javelineers (Shoals:4)
  9 fire dragons
  7 merfolk impalers (Shoals:4)
  Josephine (D:14)
  8 ettins
  2 jiangshi (Depths:3)
  16 ogre magi
  8 yaktaur captains
  10 hydras
  4 ice dragons
  5 great orbs of eyes
  The ghost of Zirot the Basher, a journeyman GrFi of Okawaru (D:12)
  8 rakshasas
  A vault guard (Vaults:3)
  7 boulder beetles
  The ghost of Zoobame the Devastator, a journeyman DEWz of Sif Muna (Lair:2)
  3 spriggan air magi
  10 naga warriors
  A catoblepas (D:13)
  2 death knights
  3 alligator snapping turtles
  2 satyrs (Shoals:3)
  9 merfolk aquamancers
  8 merfolk avatars
  15 centaur warriors
  14 anacondas
  52 two-headed ogres
  6 tengu warriors
  A queen ant (Gauntlet)
  2 vampire magi
  7 deep troll shamans
  4 death yaks (Lair:6)
  6 deep troll earth magi
  17 naga sharpshooters
  7 hell knights (Depths:1)
  5 hell hogs
  A thrashing horror (Abyss:2)
  7 shock serpents
  Urug (D:10)
  A spriggan berserker (Depths:2)
  4 iron trolls
  13 skeletal warriors
  A deep elf knight (Vaults:4)
  A sixfirhy (Abyss:2)
  2 wretched stars (Abyss:2)
  A spatial maelstrom (Abyss:2)
  16 sea snakes
  4 unseen horrors
  3 salamander mystics
  4 flayed ghosts
  A storm dragon skeleton (Vaults:3)
  An unseen horror (shapeshifter) (Vaults:2)
  13 deep trolls
  A golden dragon zombie (D:15)
  7 naga ritualists
  5 glowing orange brains
  2 phantasmal warriors (Vaults:4)
  11 ironbrand convokers
  21 orc knights
  A swamp dragon (Lair:6)
  2 deep elf archers
  14 harpies
  4 wizards
  6 mana vipers
  7 necromancers
  13 orc sorcerers
  A fire giant zombie (D:15)
  4 oklob plants
  8 deep elf magi
  56 ugly things
  3 wolf spiders
  10 manticores
  6 cyclopes
  15 fauns
  14 salamanders
  9 slime creatures
  5 starcursed masses (Abyss:2)
  3 centaur zombies
  10 elephants (Lair:5)
  4 water nymphs
  12 vault sentinels
  A guardian serpent (shapeshifter) (Vaults:2)
  A black mamba (shapeshifter) (Vaults:1)
  10 merfolk sirens
  A rust devil (Depths:1)
  49 black mambas
  2 molten gargoyles (Volcano)
  6 guardian serpents
  A smoke demon (Gauntlet)
  31 naga magi
  A storm dragon simulacrum (Vaults:3)
  16 cane toads
  A torpor snail (Lair:2)
  5 spectral swamp worms (Depths:4)
  A spriggan zombie (D:15)
  2 gargoyles
  2 ice statues (IceCv)
  6 freezing wraiths
  2 efreet
  7 komodo dragons
  A yaktaur (shapeshifter) (Depths:1)
  A redback zombie (D:14)
  2 kobold demonologists (D:13)
  6 rime drakes
  46 yaktaurs
  A hellwing (Depths:1)
  4 tengu conjurers
  A guardian mummy (D:15)
  14 ice devils
  2 yaktaur skeletons (Vaults:3)
  A queen bee (shapeshifter) (Depths:2)
  A red devil (Gauntlet)
  4 merfolk
  8 trolls
  4 hornets
  6 polar bears
  4 wind drakes
  A polar bear (shapeshifter) (Vaults:3)
  A raiju (Abyss:2)
  22 blink frogs
  A blink frog (shapeshifter) (Vaults:3)
  2 stone giant simulacra (Vaults:2)
  5 snapping turtles
  11 small abominations
  A ynoxinul (Abyss:2)
  A shadow (D:14)
  4 flying skulls (Abyss:2)
  4 redbacks
  2 spriggans (Depths:3)
  9 water elementals
  64 yaks
  A human (shapeshifter) (Vaults:2)
  9 wyverns
  2 hogs (D:14)
  3 basilisks
  A yak (shapeshifter) (Vaults:1)
  6 wraiths
  2 fire elementals (Orc:2)
  2 steam dragons (Lair:6)
  11 large abominations
  6 chaos spawn
  2 neqoxecs (Abyss:2)
  6 fire bats (Volcano)
  2 human simulacra (Vaults:3)
  14 wargs
  46 nagas
  Edmund (D:3)
  5 soldier ants (Gauntlet)
  4 acid dragons
  4 hell hounds
  A floating eye (Depths:4)
  21 water moccasins
  A deep troll skeleton (Vaults:3)
  A swamp drake (Lair:6)
  34 orc warriors
  Purgy (D:3)
  13 ice beasts
  2 black bears
  A black bear (shapeshifter) (Vaults:4)
  6 phantoms
  2 eyes of draining
  9 boggarts
  38 ogres
  34 centaurs
  6 wolves
  21 bullfrogs
  3 big kobolds
  A human zombie (Vaults:3)
  Blork the orc (D:5)
  2 gnoll sergeants
  6 human skeletons (Vaults:3)
  2 scorpions
  3 killer bees (D:7)
  A water moccasin skeleton (D:10)
  A killer bee (shapeshifter) (Depths:4)
  4 howler monkeys
  19 wights
  8 electric eels
  4 crimson imps
  4 jellies
  3 lava snakes (Volcano)
  4 bullfrog zombies
  A draconian simulacrum (IceCv)
  4 quasits
  Crazy Yiuf (D:3)
  A wyvern simulacrum (D:12)
  7 centaur skeletons
  2 gnoll shamans
  19 orc priests
  A water moccasin simulacrum (D:12)
  7 hounds
  54 orc wizards
  4 bullfrog skeletons
  2 iron imps (Depths:1)
  Ijyb (D:3)
  6 iguanas
  2 troll simulacra (IceCv)
  5 worker ants
  2 spriggan simulacra (IceCv)
  A killer bee zombie (D:6)
  2 centaur simulacra
  3 bullfrog simulacra (D:12)
  2 hound skeletons (D:6)
  3 worker ant zombies
  Robin (D:4)
  A howler monkey skeleton (D:6)
  12 gnolls
  9 adders
  2 naga simulacra (IceCv)
  2 ogre simulacra (IceCv)
  4 shadow imps
  4 white imps
  4 ufetubi
  An ooze (D:3)
  An adder skeleton (D:5)
  8 dart slugs
  5 leopard geckos
  155 orcs
  3 ball pythons
  12 bats
  2 bat zombies (D:3)
  5 giant cockroaches
  26 goblins
  10 hobgoblins
  15 jackals
  A quokka (D:2)
  2 frilled lizards
  A jackal skeleton (D:6)
  23 kobolds
  2 leopard gecko skeletons
  A leopard gecko zombie (D:6)
  9 rats
  3 bushes
  2 tentacles (Shoals:4)
1962 creatures vanquished.

Vanquished Creatures (collateral kills)
  Aizul (Vaults:2)
  A catoblepas (Lair:5)
  2 naga magi
  4 nagas (Snake:3)
  A water moccasin (Lair:5)
  A wolf (Lair:5)
10 creatures vanquished.

Vanquished Creatures (others)
  Asterion (Snake:4)
  A sea snake (Shoals:4)
  An orc warrior (Orc:1)
  An ogre (Vaults:1)
  An orc wizard (Orc:2)
  2 orcs (Orc:2)
  2 demonic plants (Gauntlet)
  85 fungi
  229 plants
  8 tentacles (Shoals:4)
  8 withered plants (D:15)
339 creatures vanquished.

Grand Total: 2311 creatures vanquished

Notes
Turn   | Place    | Note
-------+----------+-------------------------------------------
     0 | D:1      | night the Minotaur Berserker began the quest for the Orb.
     0 | D:1      | Reached XP level 1. HP: 19/19 MP: 0/0
    33 | D:1      | Reached skill level 4 in Axes
   112 | D:1      | Reached XP level 2. HP: 27/27 MP: 1/1
   116 | D:1      | You fall into a shaft and drop 1 floor!
   376 | D:1      | Reached XP level 3. HP: 31/34 MP: 2/2
   424 | D:1      | Reached ** piety under Trog
  1073 | D:2      | Reached skill level 5 in Fighting
  1073 | D:2      | Reached skill level 5 in Axes
  1073 | D:2      | Reached XP level 4. HP: 42/42 MP: 3/3
  1312 | D:2      | Noticed an ogre
  1319 | D:2      | Killed an ogre
  1320 | D:2      | Reached XP level 5. HP: 50/50 MP: 4/4
  1566 | D:3      | Noticed Purgy
  1584 | D:3      | Killed Purgy
  1585 | D:3      | Reached skill level 6 in Axes
  1585 | D:3      | Reached XP level 6. HP: 58/58 MP: 5/5
  1765 | D:3      | Found a runed translucent door.
  1782 | D:3      | Found a snail-covered altar of Cheibriados.
  2045 | D:3      | Noticed Crazy Yiuf
  2118 | D:3      | Killed Crazy Yiuf
  2201 | D:3      | Reached *** piety under Trog
  2288 | D:3      | Noticed Ijyb
  2310 | D:3      | Killed Ijyb
  2402 | D:3      | Found an ancient bone altar of Kikubaaqudgha.
  3049 | D:4      | Noticed Edmund
  3061 | D:3      | Killed Edmund
  3062 | D:3      | Reached skill level 7 in Axes
  3062 | D:3      | Reached XP level 7. HP: 66/66 MP: 6/6
  3461 | D:4      | Reached skill level 8 in Axes
  3507 | D:4      | Noticed Robin
  3519 | D:4      | Killed Robin
  3736 | D:4      | Reached XP level 8. HP: 67/75 MP: 7/7
  4037 | D:5      | Entered Level 5 of the Dungeon
  4105 | D:5      | Noticed a troll
  4112 | D:5      | Killed a troll
  4113 | D:5      | Reached skill level 9 in Axes
  4154 | D:5      | Reached **** piety under Trog
  4420 | D:5      | Reached skill level 1 in Bows
  4463 | D:5      | Noticed Blork the orc
  4472 | D:5      | Killed Blork the orc
  4963 | D:6      | Reached skill level 10 in Fighting
  4963 | D:6      | Reached skill level 10 in Axes
  5164 | D:6      | Reached XP level 9. HP: 82/85 MP: 8/8
  6171 | D:7      | Reached skill level 5 in Bows
  6178 | D:7      | Reached skill level 11 in Axes
  6295 | D:7      | Identified a scroll of acquirement
  6443 | D:7      | Found a staircase to the Ecumenical Temple.
  6637 | Temple   | Entered the Ecumenical Temple
  6663 | D:8      | Found a sparkling altar of Nemelex Xobeh.
  6678 | D:8      | Acquired 1015 gold pieces
  6920 | D:8      | Found a hide-covered altar of Uskayaw.
  6946 | D:8      | Killed an unseen horror
  6947 | D:8      | Reached XP level 10. HP: 74/96 MP: 9/9
  7004 | D:8      | Reached ***** piety under Trog
  7006 | D:8      | Found a sacrificial altar of Ru.
  7099 | D:8      | Found a sacrificial altar of Ru.
  7225 | D:8      | Found a shadowy altar of Dithmenos.
  7230 | D:8      | Found an iron altar of Okawaru.
  7633 | D:9      | Got a dazzling hunting sling
  7634 | D:9      | Identified the +3 hunting sling of Herroerph {freeze, Str+3
                  | Int+4 Dex+4 Stlth-} (You found it on level 9 of the
                  | Dungeon)
  7725 | D:9      | Noticed a two-headed ogre
  7733 | D:9      | Killed a two-headed ogre
  7734 | D:9      | Reached skill level 12 in Axes
  8024 | D:9      | Noticed a centaur warrior
  8028 | D:9      | Killed a centaur warrior
  8329 | D:10     | Entered Level 10 of the Dungeon
  8489 | D:10     | Noticed a gargoyle
  8494 | D:10     | Killed a gargoyle
  8495 | D:10     | Reached XP level 11. HP: 106/106 MP: 10/10
  8627 | D:10     | Noticed Urug
  8635 | D:10     | Killed Urug
  8636 | D:10     | Reached skill level 13 in Axes
  8768 | D:10     | Found a staircase to the Lair.
  8854 | D:10     | Received a gift from Trog
  8870 | D:10     | Reached skill level 1 in Evocations
  8986 | D:10     | Noticed a green ugly thing
  8994 | D:10     | Killed a green ugly thing
  9534 | Lair:1   | Entered Level 1 of the Lair of Beasts
  9599 | Lair:1   | Reached skill level 14 in Axes
  9869 | Lair:1   | Reached skill level 15 in Axes
 10137 | Lair:1   | Noticed Sonja
 10138 | Lair:1   | Noticed Sonja
 10138 | Lair:1   | Sonja changed into Sonja the black mamba
 10143 | Lair:1   | Killed Sonja the black mamba
 10278 | Lair:1   | Noticed an oklob plant
 10280 | Lair:1   | Noticed an oklob plant
 10280 | Lair:1   | Noticed an oklob plant
 10664 | Lair:1   | Killed an oklob plant
 10676 | Lair:1   | Killed an oklob plant
 10677 | Lair:1   | Reached XP level 12. HP: 60/115 MP: 11/11
 10683 | Lair:1   | Reached skill level 16 in Axes
 10984 | Lair:2   | Noticed a seven-headed hydra
 10993 | Lair:2   | Killed a two-headed hydra
 11102 | Lair:2   | Found a staircase to the Shoals.
 11438 | Lair:2   | Found a runed translucent gate.
 11438 | Lair:2   | Found a runed translucent gate.
 11438 | Lair:2   | Found a runed translucent gate.
 11439 | Lair:2   | Noticed a nine-headed hydra
 11440 | Lair:2   | Noticed Zoobame's ghost (journeyman DEWz)
 11444 | Lair:2   | Noticed a ten-headed hydra
 11455 | Lair:2   | Killed an eight-headed hydra
 11456 | Lair:2   | Reached skill level 17 in Axes
 11461 | Lair:3   | Noticed a seven-headed hydra
 11470 | Lair:3   | Killed a six-headed hydra
 11568 | Lair:2   | Killed a five-headed hydra
 11577 | Lair:2   | Killed Zoobame's ghost
 11615 | Lair:2   | Got a dazzling war axe
 11615 | Lair:2   | Identified the +3 war axe "Q" {vorpal, Int+4} (You found it
                  | on level 2 of the Lair of Beasts)
 11725 | Lair:2   | Reached skill level 18 in Axes
 12405 | Lair:3   | Noticed a six-headed hydra
 12417 | Lair:3   | Killed a three-headed hydra
 12912 | Lair:4   | Reached skill level 19 in Axes
 12993 | Lair:4   | Reached XP level 13. HP: 108/122 MP: 12/12
 13168 | Lair:4   | Found a staircase to the Snake Pit.
 13584 | Lair:4   | Received a gift from Trog
 13999 | Lair:5   | Found a gate leading to a gauntlet.
 14004 | Gauntlet | Entered a Gauntlet
 14004 | Gauntlet | Found a transporter.
 14004 | Gauntlet | Found a transporter.
 14018 | Gauntlet | Found a transporter.
 14021 | Gauntlet | Found a transporter.
 14029 | Gauntlet | Found a transporter.
 14033 | Gauntlet | Found a transporter.
 14041 | Gauntlet | Found a transporter.
 14057 | Gauntlet | Found a transporter.
 14071 | Gauntlet | Found a transporter.
 14075 | Gauntlet | Found a transporter.
 14083 | Gauntlet | Found a transporter.
 14087 | Gauntlet | Found a transporter.
 14150 | Gauntlet | Reached skill level 20 in Axes
 14497 | Gauntlet | Identified the +8 chain mail "Pikaddumm" {Rampage *Slow
                  | rElec rPois}
 14497 | Gauntlet | Noticed a minotaur
 14508 | Gauntlet | Killed a minotaur
 14885 | Lair:5   | Reached skill level 21 in Axes
 15137 | Lair:5   | Got a bloodstained tower shield
 15142 | Lair:5   | Identified the +3 tower shield of Objectivity {SInv} (You
                  | found it on level 5 of the Lair of Beasts)
 15398 | Lair:6   | Entered Level 6 of the Lair of Beasts
 15398 | Lair:6   | Found a staircase to the Slime Pits.
 15398 | Lair:6   | Found a viscous altar of Jiyva.
 15540 | Lair:6   | Reached XP level 14. HP: 125/129 MP: 13/13
 15700 | Lair:6   | Reached skill level 22 in Axes
 16173 | Lair:6   | Reached skill level 23 in Axes
 16551 | Lair:6   | Received a gift from Trog
 17130 | D:11     | Found a staircase to the Orcish Mines.
 17613 | D:11     | Received a gift from Trog
 18255 | D:12     | Noticed Zirot's ghost (journeyman GrFi)
 18273 | D:12     | Found a runed translucent gate.
 18273 | D:12     | Found a runed translucent gate.
 18273 | D:12     | Found a runed translucent gate.
 18308 | D:12     | Killed Zirot's ghost
 18368 | D:12     | Got the ring of Fiamp {Fire}
 18554 | D:13     | Noticed Frances
 18571 | D:13     | Killed Frances
 18576 | D:13     | Found a frozen archway.
 18603 | IceCv    | Entered an ice cave
 18673 | IceCv    | Reached XP level 15. HP: 115/136 MP: 14/14
 18892 | IceCv    | Found the +5 robe of Night {Dark Will+ SInv}
 18896 | IceCv    | Reached ****** piety under Trog
 18900 | IceCv    | Got an iridescent shortbow
 18900 | IceCv    | Identified the +1 shortbow of Instant Death {flame, rF+
                  | Str-4 SInv} (You found it in an ice cave)
 18920 | IceCv    | Got a crystal whip
 18920 | IceCv    | Identified the +6 whip of Duetiuce {flame, rElec Str+2}
                  | (You found it in an ice cave)
 19095 | IceCv    | Received a gift from Trog
 19247 | D:13     | Found a burning altar of Makhleb.
 19264 | D:13     | Reached skill level 5 in Armour
 19497 | D:13     | Reached skill level 10 in Bows
 19838 | D:13     | Found a gate to the Vaults.
 20136 | D:14     | Noticed Josephine
 20149 | D:14     | Killed Josephine
 20175 | D:14     | Reached skill level 5 in Dodging
 20272 | D:14     | Noticed Kirke
 20297 | D:14     | Killed Kirke
 20312 | D:14     | Found Effusk's Book Shoppe.
 20313 | D:14     | Found Huud Voy's Gadget Shop.
 20329 | D:14     | Found Vasenayd's Armour Shoppe.
 20331 | D:14     | Found Diyz's Gadget Boutique.
 20349 | D:14     | Bought a condenser vane for 520 gold pieces
 20349 | D:14     | Bought a wand of acid (7) for 286 gold pieces
 20400 | D:14     | Found Teazupluaj's Jewellery Boutique.
 20842 | D:15     | Entered Level 15 of the Dungeon
 21057 | D:15     | Found a staircase to the Depths.
 21344 | D:15     | Reached skill level 5 in Evocations
 21714 | D:15     | Received a gift from Trog
 21763 | D:15     | Reached XP level 16. HP: 144/146 MP: 15/15
 21766 | D:15     | Got a transparent battleaxe {god gift}
 21767 | D:15     | Identified the +10 battleaxe "Daecefea" {vorpal, SInv}
                  | (Trog gifted it to you on level 15 of the Dungeon)
 21790 | D:15     | Got a shimmering steel amulet
 21791 | D:15     | Identified the amulet "Tivapn" {Acrobat *Contam Fragile
                  | Str+3 Dex+6} (You found it on level 15 of the Dungeon)
 22148 | D:15     | Noticed Jorgrun
 22159 | D:15     | Killed Jorgrun
 22497 | Snake:1  | Entered Level 1 of the Snake Pit
 23241 | Snake:1  | Reached skill level 24 in Axes
 23786 | Snake:2  | Reached skill level 15 in Fighting
 23976 | Snake:2  | Acquired a +2 hat of intelligence
 24201 | Snake:2  | Found a snail-covered altar of Cheibriados.
 24863 | Snake:3  | Received a gift from Trog
 24867 | Snake:3  | Noticed Donald
 24885 | Snake:3  | Killed Donald
 25226 | Snake:3  | Found a transporter.
 25242 | Snake:3  | Reached XP level 17. HP: 156/156 MP: 16/16
 25242 | Snake:3  | Found a transporter.
 25334 | Snake:3  | Identified Sif Muna's Tome of the Blistering Traveller
 25337 | Snake:3  | Reached XP level 18. HP: 163/163 MP: 17/17
 25735 | Snake:3  | Found Iwammix's Antique Armour Shoppe.
 26042 | Snake:4  | Entered Level 4 of the Snake Pit
 26284 | Snake:4  | Reached skill level 10 in Armour
 26773 | Snake:4  | Received a gift from Trog
 27745 | Snake:4  | Noticed Asterion
 27755 | Snake:4  | Killed Asterion
 29029 | Snake:4  | Received a gift from Trog
 29300 | Snake:4  | Got a serpentine rune of Zot
 29626 | Snake:4  | Reached skill level 10 in Dodging
 29933 | Orc:1    | Entered Level 1 of the Orcish Mines
 30022 | Orc:1    | Found a flagged portal.
 30034 | Bailey   | Entered a bailey
 30135 | Bailey   | Found a runed translucent gate.
 30135 | Bailey   | Found a runed translucent gate.
 30135 | Bailey   | Found a runed translucent gate.
 30265 | Bailey   | Acquired a manual of Fighting
 30276 | Bailey   | Reached XP level 19. HP: 178/178 MP: 18/18
 30788 | Orc:2    | Entered Level 2 of the Orcish Mines
 30788 | Orc:2    | Found a roughly hewn altar of Beogh.
 30859 | Orc:2    | Noticed Nessos
 30889 | Orc:2    | Killed Nessos
 30924 | Orc:2    | Noticed Azrael
 30932 | Orc:2    | Killed Azrael
 30977 | Orc:2    | Found a dark tunnel.
 30985 | Volcano  | Entered a volcano
 31002 | Volcano  | Identified the ring of Fiamp {Fire rPois Str+3 Int-4} (You
                  | found it on level 12 of the Dungeon)
 31389 | Volcano  | Found a radiant altar of Vehumet.
 31399 | Volcano  | Received a gift from Trog
 31619 | Orc:2    | Found Nousch's Antique Weapon Shoppe.
 31629 | Orc:2    | Found Oddaoz's Weapon Boutique.
 31663 | Orc:2    | Found a roughly hewn altar of Beogh.
 31675 | Orc:2    | Received a gift from Trog
 31703 | Orc:2    | Found Sirruisuev's Antique Weapon Shoppe.
 31703 | Orc:2    | Found Daus's Jewellery Boutique.
 31741 | Orc:2    | Got a translucent triple sword {god gift}
 31741 | Orc:2    | Identified the +5 triple sword "Mequdi" {vorpal, rN+ Dex+4}
                  | (Trog gifted it to you on level 2 of the Orcish Mines)
 32025 | Orc:2    | Found a staircase to the Elven Halls.
 32541 | Shoals:1 | Entered Level 1 of the Shoals
 32564 | Shoals:1 | Reached XP level 20. HP: 177/187 MP: 19/19
 32825 | Shoals:1 | Got an ancient hat
 32830 | Shoals:1 | Identified the cursed +0 hat "Faskis" {rF++} (You found it
                  | on level 1 of the Shoals)
 33267 | Shoals:2 | Found Ceog's Jewellery Boutique.
 33646 | Shoals:2 | Received a gift from Trog
 33749 | Shoals:2 | Identified a +0 pair of boots of running (You found it on
                  | level 2 of the Shoals)
 33922 | Shoals:3 | Found Neseb's Weapon Boutique.
 34189 | Shoals:3 | Noticed Ilsuiw
 34232 | Shoals:3 | Killed Ilsuiw
 34570 | Shoals:3 | Found Huimolya's General Store.
 35307 | Shoals:4 | Entered Level 4 of the Shoals
 35307 | Shoals:4 | Found Zirhat's Book Boutique.
 35372 | Shoals:4 | Received a gift from Trog
 35452 | Shoals:4 | Reached skill level 25 in Axes
 35453 | Shoals:4 | Got a barnacled rune of Zot
 37147 | Vaults:1 | Entered Level 1 of the Vaults
 37174 | Vaults:1 | Received a gift from Trog
 37255 | Vaults:1 | Reached skill level 10 in Evocations
 37548 | Vaults:1 | Reached skill level 15 in Bows
 37606 | Vaults:1 | Reached XP level 21. HP: 171/199 MP: 20/20
 37637 | Vaults:1 | Cast into level 2 of the Abyss (a deep elf sorcerer)
 37646 | Vaults:1 | Escaped the Abyss
 37839 | Vaults:1 | Identified the +2 mace of the Radish {vorpal, +Fly rC+
                  | Will+}
 37845 | Vaults:1 | Received a gift from Trog
 38510 | Vaults:2 | Noticed Aizul
 38510 | Vaults:2 | Noticed Mennas
 38519 | Vaults:2 | Killed Aizul
 38536 | Vaults:2 | Killed Mennas
 39008 | Vaults:2 | Found Huociaf's Weapon Emporium.
 40272 | Vaults:3 | Identified the +1 scale mail "Bizi" {rCorr Str+3 Int+3
                  | Dex-2}
 40344 | Vaults:3 | Received a gift from Trog
 40964 | Vaults:3 | Found a staircase to the Crypt.
 41280 | Vaults:3 | Reached XP level 22. HP: 161/210 MP: 21/21
 41291 | Vaults:3 | Received a gift from Trog
 41325 | Vaults:3 | Reached skill level 26 in Axes
 41891 | Vaults:3 | Found Ydaj's General Store.
 42190 | Vaults:4 | Noticed Xtahua
 42200 | Vaults:4 | Killed Xtahua
 42684 | Vaults:4 | Received a gift from Trog
 42930 | Vaults:4 | Noticed Frederick
 42957 | Vaults:4 | Killed Frederick
 42971 | Vaults:4 | Noticed Mara
 43144 | Vaults:4 | Killed Mara
 43675 | Vaults:4 | Received a gift from Trog
 44035 | Depths:1 | Entered Level 1 of the Depths
 44474 | Depths:1 | Reached XP level 23. HP: 197/217 MP: 22/22
 44492 | Depths:1 | Found a one-way gate leading to the halls of Pandemonium.
 44641 | Depths:1 | Found a gateway to Hell.
 44726 | Depths:1 | Received a gift from Trog
 44998 | Depths:1 | Found a sparkling altar of Nemelex Xobeh.
 45716 | Depths:1 | Found a one-way gate to the infinite horrors of the Abyss.
 46091 | Depths:2 | Received a gift from Trog
 46134 | Depths:2 | Reached skill level 15 in Armour
 46332 | Depths:2 | Noticed Louise
 46344 | Depths:2 | Killed Louise
 47944 | Depths:3 | Cast into level 2 of the Abyss (spriggan defender)
 47944 | Abyss:2  | Found a corrupted altar of Lugonu.
 48148 | Abyss:2  | Received a gift from Trog
 48187 | Abyss:2  | Gained mutation: You are frail. (-10% HP) [a neqoxec]
 48406 | Depths:3 | Escaped the Abyss
 48669 | Depths:3 | Found Zompen's Jewellery Shop.
 48677 | Depths:3 | Bought a +4 ring of slaying for 1092 gold pieces
 48708 | Depths:3 | Reached XP level 24. HP: 127/207 MP: 22/22
 49000 | Depths:3 | Received a gift from Trog
 49179 | Depths:3 | Found a glowing golden altar of the Shining One.
 49305 | Depths:4 | Reached skill level 15 in Dodging
 49549 | Depths:4 | Found a gateway to a ziggurat.
 49861 | Depths:4 | Found Reujel's Distillery.
 49907 | Depths:4 | Found a runed translucent door.
 49907 | Depths:4 | Noticed a juggernaut
 49908 | Depths:4 | Paralysed by a floating eye for 3 turns
 49918 | Depths:4 | Killed a juggernaut
 49932 | Depths:4 | Found a runed translucent door.
 50007 | Depths:4 | Received a gift from Trog
 50018 | Depths:4 | Noticed a juggernaut
 50018 | Depths:4 | Noticed a juggernaut
 50065 | Depths:4 | Slain by a juggernaut

Illustrated notes

Levels and vault maps discovered:
D:1:      lightli_arrival_statuegarden, layout_basic
D:2:      layout_loops_ring, cheibrodos_gnoll_hut
D:3:      layout_basic, overflow_temple_1_default,
          lemuel_zombie_altar_kikubaaqudgha, lexackson_kobold_supper,
          uniq_purgy, uniq_crazy_yiuf_cottage, uniq_ijyb
D:4:      kennysheep_slugbush, layout_basic, uniq_edmund, uniq_robin
D:5:      layout_cave_pools, uniq_blork_the_orc
D:6:      layout_gridville
D:7:      minmay_chambers_of_sevens, layout_layer_cave, temple_green
D:8:      layout_basic, nicolae_ru_sacrificial_ziggurat,
          nicolae_overflow_hidden_temple, basic_altar, minmay_misc_feat_plants
D:9:      layout_roguey
D:10:     layout_basic, lair_entry_dummy, grunt_ministairs_12, uniq_urug
D:11:     layout_basic, hiddenorc2_lemuel, kennysheep_small_square
D:12:     layout_basic, gammafunk_ghost_icy
D:13:     layout_basic, david_vaults_1, serial_curves, eino_curves_02,
          eino_curves_02, eino_curves_01, eino_curves_01,
          portal_ice_cave_entry_ice_beasts, serial_bayou_pond_c,
          lemuel_oklob_altar, uniq_frances
D:14:     layout_long_grid, serial_shops, shop, shop, shop_statue, shop,
          nicolae_shop_stone, dk_noncrumbling_2, uniq_kirke, uniq_josephine
D:15:     gammafunk_depths_entry_grave, layout_basic, uniq_jorgrun
Temple:   eino_temple_lava
Lair:1:   layout_regular_city, beast_lair_carwin_6, grunt_megastairs_5,
          infiniplex_staircase_pool_2, minmay_lair_oklob_chamber, uniq_sonja
Lair:2:   layout_gridlike, minmay_shoals_entry_beasts,
          gammafunk_ghost_hydra_chop, chequers_serial_rivers_large_b,
          beast_lair_carwin_11, grunt_megastairs_4
Lair:3:   layout_regular_city, minivault_26, nicolae_quartered_pool_medium,
          infiniplex_staircase_pool
Lair:4:   layout_gridlike, guppyfry_snake_entry_island, serial_bayou_lagoon_b
Lair:5:   layout_loops_ring, gauntlet_entry_generic, serial_bayou_pond_e
Lair:6:   hangedman_lair_tendril_chambers, layout_gridlike,
          guppyfry_lair_end_dragon, slime_altar_1, serial_bayou_ford_a
Shoals:1: layout_shoals
Shoals:2: layout_shoals, nicolae_shoals_c_island
Shoals:3: layout_shoals, serial_shops, shop, shop_statue,
          nicolae_shoals_aquamancer_cove, uniq_ilsuiw
Shoals:4: shoals_end_hangedman, layout_shoals, serial_shops, shop
Snake:1:  layout_concentric_octagons, minmay_snake_pond, serial_bayou_shore_a,
          grunt_megastairs_2, lemuel_fruit_tree
Snake:2:  layout_onion_interference, basic_altar, serial_bayou_lake_a
Snake:3:  gammafunk_the_bubble [the_bubble_gammafunk_plus_minus],
          layout_cave_town, serial_shops, nicolae_shop_stone,
          nicolae_coiled_stairwell_up, uniq_donald
Snake:4:  snake_pit, layout_chambers, nicolae_snake_serpentine_hallways,
          uniq_asterion
Orc:1:    layout_diamond_mine, enter_bailey_2
Orc:2:    st_orc_town, layout_diamond_mine, enter_volcano_4, mines2_david,
          uniq_azrael, uniq_nessos
Vaults:1: v_pattern_1, v_alt_pattern_4, vaults_dpeg_diagonal,
          hangedman_vaults_trim, vaults_room_pools, vaults_room_glass_cross,
          v_misc_18, hangedman_vaults_slice,
          hangedman_vaults_stretched_pinwheel, vaults_room_grunt_arrival_ludios,
          layout_vaults_big_room
Vaults:2: vaults_room_grid, hangedman_vaults_cutoff, vaults_room_door_ring,
          nicolae_vaults_circle_grid_a, vaults_room_pool,
          vaults_mumra_minichess_inversion, v_misc_2, layout_vaults_omnigrid,
          serial_shops, shop, uniq_aizul, uniq_mennas
Vaults:3: minmay_crypt_entry_skeletal_spiral, hangedman_vaults_corner_blocks,
          hangedman_vaults_unwind, vaults_standard_mumra_lines, v_alt_pattern_1,
          ontoclasm_vaults_twist, vaults_mumra_hex, vaults_room_grid,
          vaults_room_fours, nicolae_vaults_yaktaur_gun_rack, vaults_dpeg_ring,
          hangedman_vaults_trim, layout_vaults_ring, serial_shops,
          nicolae_shop_behind_doors
Vaults:4: vaults_room_door_ring, hangedman_vaults_stitches, grunt_vaults_focal,
          v_rooms_6, v_misc_26, vaults_room_boxed,
          nicolae_vaults_an_arrangement, grunt_vaults_hallway_long,
          hangedman_vaults_cutoff, vaults_room_stairs_pillars,
          nicolae_vaults_mini_display_case, layout_vaults_big_cross,
          uniq_frederick, uniq_xtahua, uniq_mara
Depths:1: layout_gridlike, minmay_room_of_horrors, grunt_pan_entry_in_and_out,
          minmay_misc_feat_more_columns, hell_entry, nemelex_altar_shiori
Depths:2: nooodl_glass_maze, layout_cave_shapes,
          nicolae_abyss_entry_one_way_or_another, pf_coc_iceberg,
          infiniplex_staircase_river, firewood_loft
Depths:3: mu_elephants_graveyard, layout_cave_pools, grunt_pan_entry_spiral,
          hell_entry, tso_altar, minmay_shop_star, minmay_staircase_bubble,
          serial_bayou_shore_b
Depths:4: minmay_expanding_circles, layout_cave_pools, enter_ziggurat_d,
          serial_shops, shop, pf_hell_entry_tar_river,
          minmay_misc_feat_four_crosses, abyss_entry,
          kennysheep_generic_room_16, infiniplex_staircase_spiral,
          uniq_enchantress

Skill      XL: |  1  2  3  4  5  6  7  8  9 10 11 12 13 14 15 16 17 18 19 20 21 22 23 24 |
---------------+-------------------------------------------------------------------------+-----
Fighting       | 4 5 6 7 8 10 11 12 13 14 15 17 18 19 20 21 22 | 22.3
Axes           | 4 5 6 7 8 10 11 12 15 19 21 23 24 25 26 | 26.0
Bows           | 3 6 8 9 10 12 13 14 15 17 20 | 20.0
Evocations     | 1 3 5 7 8 10 11 12 13 | 13.5
Armour         | 4 7 9 10 11 12 13 14 16 | 16.9
Dodging        | 3 6 8 10 11 12 13 14 15 | 15.6

Action                   |  1- 3 |  4- 6 |  7- 9 | 10-12 | 13-15 | 16-18 | 19-21 | 22-24 || total
-------------------------+-------+-------+-------+-------+-------+-------+-------+-------++-------
Melee: Hand axe          |    79 |   190 |    96 |    40 |    35 |       |       |       ||   440
       Headbutt          |     7 |    59 |    65 |    98 |   217 |   130 |   252 |   299 ||  1127
       War axe           |       |       |   123 |   118 |       |       |       |       ||   241
       Broad axe         |       |       |       |   220 |   355 |       |       |       ||   575
       Executioner's axe |       |       |       |       |     4 |    23 |       |       ||    27
       Battleaxe         |       |       |       |       |   595 |   654 |  1131 |  1143 ||  3523
       Whip              |       |       |       |       |     5 |       |       |       ||     5
 Fire: Shortbow          |       |       |     7 |     4 |     8 |     2 |    71 |       ||    92
       Longbow           |       |       |       |       |       |       |    11 |       ||    11
Invok: Berserk           |     1 |     7 |     9 |    12 |    16 |     3 |     2 |    12 ||    62
       Trog's Hand       |       |       |     1 |     1 |     5 |     3 |     7 |     1 ||    18
       Brothers in Arms  |       |       |       |     2 |     1 |     2 |     1 |     1 ||     7
Evoke: Wand              |       |       |       |    10 |     4 |       |     7 |     3 ||    24
       Lightning rod     |       |       |       |       |     3 |     3 |       |     3 ||     9
       Phial of floods   |       |       |       |       |     1 |       |       |       ||     1
       Condenser vane    |       |       |       |       |       |       |     1 |     1 ||     2
       Box of beasts     |       |       |       |       |       |       |       |     1 ||     1
  Use: Scroll            |       |       |    13 |     4 |    17 |     8 |     4 |     9 ||    55
       Potion            |       |       |       |     2 |     6 |     4 |     4 |       ||    16
 Stab: Petrifying        |       |       |       |       |     1 |       |       |       ||     1
       Petrified         |       |       |       |       |     1 |       |       |       ||     1
       Invisible         |       |       |       |       |       |     1 |       |       ||     1
       Distracted        |       |       |       |       |       |       |       |     1 ||     1
Armor: Animal skin       |     2 |       |       |       |       |       |       |       ||     2
       Scale mail        |    24 |    30 |       |       |     2 |       |       |       ||    56
       Chain mail        |       |    23 |    96 |       |   351 |   326 |    32 |       ||   828
       Plate armour      |       |       |    48 |   185 |    38 |       |   463 |   475 ||  1209
       Skin              |       |       |       |       |     2 |       |       |       ||     2
Dodge: Dodged            |    60 |    68 |    94 |   186 |   425 |   490 |   696 |   701 ||  2720
